 Dungeon Crawl Stone Soup version 0.27.1-33-g824d729ab1 (webtiles) character file.

Game seed: 8336643439171296670

1807 comborobin the Fighter (level 8, -2/77 HPs)
             Began as a Palentonga Gladiator on Dec 28, 2021.
             Was an Initiate of Okawaru.
             Slain by an ogre (22 damage)
             ... on level 6 of the Dungeon.
             The game lasted 00:06:59 (6820 turns).

comborobin the Fighter (Palentonga Gladiator)       Turns: 6820, Time: 00:06:59

Health: -2/77      AC: 18    Str: 25    XL:     8   Next: 84%
Magic:  11/11      EV:  9    Int:  9    God:    Okawaru [......]
Gold:   137        SH:  0    Dex: 13    Spells: 7/7 levels left

rFire    . . .     SeeInvis +   d - +2 glaive (flame)
rCold    . . .     Faith    +   (shield currently unavailable)
rNeg     . . .     Spirit   .   m - +0 swamp dragon scales
rPois    +         Reflect  .   c - +0 helmet
rElec    .         Harm     .   h - +0 cloak
rCorr    .         Rampage  .   v - +2 pair of gloves of Tegaegusk {Str+7}
Will     .....                  (no barding)
Stlth    +.........             q - amulet of faith
HPRegen  0.22/turn              (no ring)
MPRegen  0.12/turn              (no ring)

@: curled up
A: large, rugged brown scales 3, see invisible, deformed body, roll 1, armoured
tail, reflexive curl
a: Rolling Charge, Renounce Religion


You were on level 6 of the Dungeon.
You worshipped Okawaru.
Okawaru was noncommittal.
You visited 1 branch of the dungeon, and saw 6 of its levels.

You collected 225 gold pieces.
You spent 88 gold pieces at shops.

Inventory:

Hand Weapons
 a - a +2 dagger of speed
 d - a +2 glaive of flaming (weapon)
 g - a +0 war axe
Armour
 b - a +0 leather armour
 c - a +0 helmet (worn)
 h - a +0 cloak (worn)
 m - +0 swamp dragon scales (worn)
 v - the +2 pair of gloves of Tegaegusk (worn) {Str+7}
   (You found it on level 6 of the Dungeon)

   Str:       It affects your strength (+7).
Jewellery
 q - an amulet of faith (around neck)
Scrolls
 e - 5 scrolls of identify
 f - 2 scrolls of silence
 i - a scroll of enchant weapon {unknown}
 j - 2 scrolls of teleportation {unknown}
 k - a scroll of holy word {unknown}
 l - 2 scrolls of blinking {unknown}
 n - a scroll of fog {unknown}
 s - a scroll of immolation {unknown}
 t - a scroll of vulnerability {unknown}
 u - a scroll of enchant armour {unknown}
Potions
 p - a potion of cancellation
 r - a potion of might
 w - a potion of curing


   Skills:
 - Level 10.3 Fighting
 * Level 3.7 Axes
 - Level 1.3 Throwing
 - Level 2.4 Dodging
 * Level 5.0 Invocations


You had 7 spell levels left.
You didn't know any spells.
Your spell library contained the following spells:

 Spells                   Type           Power      Damage    Failure   Level
 Pain                     Necr           0%         1d4       54%         1
 Agony                    Necr           0%         N/A       100%        5
 Excruciating Wounds      Necr           0%         N/A       100%        5


Dungeon Overview and Level Annotations

Branches:
Dungeon (6/15)
 Temple: D:4-7

Altars:
Ashenzari
Kikubaaqudgha
Okawaru
Qazlal
Vehumet

Shops:
D:2 *


Innate Abilities, Weirdness & Mutations

You are completely covered in rugged brown scales. (AC +3, +7% HP)
You have supernaturally acute eyesight. (SInv)
Armour fits poorly on your strangely shaped body.
You can roll at nearby foes to attack.
You have a long armoured tail.
You curl defensively after being hit.


Message History

No target in view!
No target in view!
You see here a black bear corpse.
An ogre comes into view. It is wielding a +0 giant club.
The ogre shouts!
An ogre is nearby!
An ogre is nearby!
A wight comes into view. It is wielding a +2 great sword.
A wight comes into view. It is wielding a +0 trident.
A wight comes into view. It is wielding a +0 flail.
You slash the ogre! You burn the ogre.
The ogre is heavily wounded.
The ogre hits you with a +0 giant club!!
A bullfrog comes into view.
A wight comes into view. It is wielding a +3 scimitar.
You hear a horrible gurgling sound!
The bullfrog croaks.
You barely miss the ogre.
Your tail-slap misses the ogre.
The ogre is heavily wounded.
The ogre hits you with a +0 giant club!!
A wight comes into view. It is wielding a +0 mace.
You hear a horrible gurgling sound!
A green ugly thing comes into view.
The ogre closely misses you.
Okay, then.
Okay, then.
Okay, then.
You see here a black bear corpse.
There is an open door here.
Things that are here:
a +0 dagger; an orc corpse
Okay, then.
As you read the scroll labelled SIFIKU TAACOEHI, it crumbles to dust.
Your body is wracked with pain!
* * * LOW HITPOINT WARNING * * *
The ogre convulses!
It was a scroll of torment.
As you read the scroll labelled OREWUE DU LOTA, it crumbles to dust.
It is a scroll of identify.
f - 2 scrolls of silence The ogre hits you with a +0 giant club!!
You die...

#######..z.z....#
#.#######.# #.#
#.# #.# #z#
#####.# #.#
#.....# #z#
#(##### #.# #.#
#O# #.#########
#@# #.........#
#.# #########.#
#.# #.# #.#
#.###.# #.....#
#####.# ###


You could see an ogre and 2 wights.

Vanquished Creatures
  Maggie (D:6)
  Prince Ribbit (D:5)
  Grinder (D:3)
  An ice beast (D:5)
  2 necrophages (D:5)
  3 black bears
  An ogre (D:6)
  A scorpion (D:5)
  A water moccasin skeleton (D:4)
  5 hounds
  An orc priest (D:5)
  A bullfrog skeleton (D:5)
  2 jellies (D:5)
  A gnoll (D:1)
  A howler monkey skeleton (D:6)
  6 adders
  2 worms (D:3)
  3 dart slugs
  7 orcs
  9 endoplasms
  4 giant cockroaches
  7 goblins
  8 hobgoblins
  9 kobolds
  6 quokkas
  7 ball pythons
  6 bats
  5 frilled lizards
  5 rats
107 creatures vanquished.

Notes
Turn   | Place    | Note
-------+----------+-------------------------------------------
     0 | D:1      | comborobin the Palentonga Gladiator began the quest for the
                  | Orb.
     0 | D:1      | Reached XP level 1. HP: 17/17 MP: 1/1
   225 | D:1      | Reached XP level 2. HP: 19/24 MP: 2/2
   782 | D:1      | Found a faded altar of an unknown god.
   789 | D:1      | Reached skill level 3 in Fighting
   804 | D:1      | Reached XP level 3. HP: 16/31 MP: 3/3
  1291 | D:1      | You fall into a shaft and drop 1 floor!
  2313 | D:2      | Found an ancient bone altar of Kikubaaqudgha.
  2331 | D:2      | Found Yxadyg's Assorted Antiques.
  2794 | D:3      | Reached skill level 4 in Fighting
  2923 | D:3      | Reached XP level 4. HP: 36/39 MP: 4/4
  3064 | D:2      | Bought an ivory wand for 88 gold pieces
  3717 | D:3      | Noticed Grinder
  3733 | D:3      | Killed Grinder
  3734 | D:3      | Reached skill level 5 in Fighting
  3734 | D:3      | Reached skill level 6 in Fighting
  3734 | D:3      | Reached XP level 5. HP: 13/49 MP: 5/5
  3734 | D:3      | Reached XP level 6. HP: 15/55 MP: 6/6
  4063 | D:4      | Found a stormy altar of Qazlal.
  4423 | D:4      | Reached skill level 7 in Fighting
  4563 | D:4      | Gained mutation: You curl defensively after being hit.
                  | [Palentonga growth]
  4563 | D:4      | Reached XP level 7. HP: 44/64 MP: 7/7
  5111 | D:5      | Entered Level 5 of the Dungeon
  5151 | D:5      | Reached skill level 8 in Fighting
  5183 | D:5      | Reached skill level 9 in Fighting
  5185 | D:5      | Reached XP level 8. HP: 46/75 MP: 8/8
  5860 | D:5      | Noticed Prince Ribbit
  5879 | D:5      | Killed Prince Ribbit
  5880 | D:5      | Reached skill level 10 in Fighting
  6185 | D:6      | Found an iron altar of Okawaru.
  6236 | D:6      | Identified the +2 pair of gloves of Tegaegusk {Str+7}
  6247 | D:6      | Became a worshipper of Warmaster Okawaru
  6334 | D:6      | Found a broken altar of Ashenzari.
  6369 | D:6      | Found a radiant altar of Vehumet.
  6383 | D:6      | Noticed Maggie
  6432 | D:6      | Killed Maggie
  6755 | D:6      | Reached skill level 5 in Invocations
  6774 | D:6      | Noticed a green ugly thing
  6820 | D:6      | Slain by an ogre

Illustrated notes

Levels and vault maps discovered:
D:1:      shiori_shiawase, layout_basic, chequers_ecumenical_altar_simple,
          grunt_decor_cap, kennysheep_crisscross, minmay_pentomino_u2
D:2:      layout_loops_corners, basic_altar, serial_shops, shop_statue,
          nrook_uturn
D:3:      layout_loops_cross, uniq_grinder
D:4:      layout_basic, general_overflow_altar, st_stairs_14, minmay_vboxes
D:5:      layout_loops_cross, uniq_prince_ribbit1
D:6:      layout_basic, lightli_temple_of_fire, okawaru_metal_pillars_3,
          mainiacjoe_overflow_divided_tiny, uniq_maggie

Skill      XL: |  1  2  3  4  5  6  7  8 |
---------------+-------------------------+-----
Fighting       | 3 4 6 7 9 10 | 10.3
Invocations    | 5 |  5.0
Axes           | |  3.7
Throwing       | |  1.3
Dodging        | |  2.4

Action                   |  1- 3 |  4- 6 |  7- 9 || total
-------------------------+-------+-------+-------++-------
Melee: War axe           |    12 |       |       ||    12
       Dagger            |   131 |   159 |    80 ||   370
       Tailslap          |    10 |    26 |    24 ||    60
       Unarmed           |       |    11 |    40 ||    51
       Glaive            |       |       |     7 ||     7
Throw: Throwing net      |       |     3 |     2 ||     5
Evoke: Wand              |       |       |    11 ||    11
  Use: Potion            |     1 |     2 |     6 ||     9
       Scroll            |       |       |     2 ||     2
Armor: Leather armour    |    48 |    42 |    19 ||   109
       Skin              |       |    17 |    61 ||    78
       Swamp dragon scal |       |       |     1 ||     1
Dodge: Dodged            |    66 |    46 |    27 ||   139
